 Dungeon Crawl Stone Soup version 0.20.0-6-gd3061e9 (webtiles) character file.

2497 Hasart the Arsonist (level 9, -3/93 HPs)
             Began as an Ogre Fire Elementalist on May 28, 2017.
             Was a Follower of Sif Muna.
             Slain by a two-headed ogre
             ... wielding a +0 giant club
              (17 damage)
             ... on level 9 of the Dungeon.
             The game lasted 00:24:34 (8694 turns).

Hasart the Arsonist (Ogre Fire Elementalist)        Turns: 8694, Time: 00:24:36

Health: -3/93      AC:  6    Str: 16    XL:     9   Next: 52%
Magic:  14/27      EV: 10    Int: 19    God:    Sif Muna [*.....]
Gold:   475        SH:  0    Dex:  9    Spells: 11/20 levels left

rFire    . . .     SeeInvis +   y - +1 short sword (protect)
rCold    + . .     Gourm    .   (no shield)
rNeg     . . .     Faith    .   J - +1 robe "Cagix" {rPois Str+2}
rPois    +         Spirit   .   (helmet restricted)
rElec    .         Reflect  .   E - +1 cloak
rCorr    .         Harm     .   (gloves unavailable)
MR       .....                  (boots unavailable)
Stlth    +.........             (no amulet)
Regen    0.3/turn               A - ring "Reguh" {rC+ MP+9 SInv}
MPRegen  0.2/turn               s - ring of poison resistance

@: very slightly contaminated
A: unfitting armour, tough skin 1
a: Divine Energy, Renounce Religion


You were on level 9 of the Dungeon.
You worshipped Sif Muna.
Sif Muna was aware of your devotion.
You were very hungry.

You visited 2 branches of the dungeon, and saw 9 of its levels.
You also visited: Sewer.

You collected 475 gold pieces.

Inventory:

Hand Weapons
 g - a +0 giant spiked club
 i - a +1 whip of flaming
 y - a +1 short sword of protection (weapon)
Armour
 a - a +0 robe
 e - a +0 large shield
 E - a +1 cloak (worn)
 J - the +1 robe "Cagix" (worn) {rPois Str+2}
   (You found it on level 5 of the Dungeon)

   It affects your strength (+2).
   It protects you from poison.
Jewellery
 n - an uncursed ring of stealth
 s - a ring of poison resistance (right hand)
 A - the ring "Reguh" (left hand) {rC+ MP+9 SInv}
   (You found it on level 4 of the Dungeon)

   [ring of magical power]

   It protects you from cold.
   It affects your magic capacity (+9).
   It lets you see invisible.
 B - an uncursed ring of ice
Scrolls
 f - 6 scrolls of remove curse
 h - 3 scrolls of amnesia {unknown}
 l - a scroll of fog {unknown}
 o - 3 scrolls of teleportation {unknown}
 q - 2 scrolls of blinking {unknown}
 r - a scroll of magic mapping {unknown}
 v - 5 scrolls of identify
 F - 2 scrolls of recharging {unknown}
 H - a scroll of random uselessness {unknown}
 L - a scroll of enchant armour {unknown}
 M - a scroll of acquirement {unknown}
 N - a scroll of summoning {unknown}
 O - a scroll of fear {unknown}
Potions
 d - a potion of flight {unknown}
 j - 3 potions of agility {unknown}
 k - a potion of might {unknown}
 m - 6 potions of heal wounds {unknown}
 t - a potion of magic {unknown}
 u - a potion of degeneration {unknown}
 w - 9 potions of curing {unknown}
 x - a potion of cancellation {unknown}
 z - 3 potions of brilliance {unknown}
 C - 2 potions of resistance {unknown}
 G - a potion of invisibility {unknown}
 K - a potion of berserk rage {unknown}
Books
 b - a book of Flames

   Spells                             Type                      Level
   a - Flame Tongue                   Conjuration/Fire             1
   b - Throw Flame                    Conjuration/Fire             2
   c - Conjure Flame                  Conjuration/Fire             3
   d - Inner Flame                    Hexes/Fire                   3
   e - Sticky Flame                   Conjuration/Fire             4
   f - Fireball                       Conjuration/Fire             5
 D - a book of Minor Magic

   Spells                             Type                      Level
   a - Magic Dart                     Conjuration                  1
   b - Blink                          Translocation                2
   c - Call Imp                       Summoning                    2
   d - Slow                           Hexes                        2
   e - Conjure Flame                  Conjuration/Fire             3
   f - Mephitic Cloud                 Conjuration/Poison/Air       3
Comestibles
 c - 7 bread rations
 p - 4 meat rations
 P - 4 fruits


   Skills:
 + Level 7.0 Fighting
 - Level 1.7 Dodging
 - Level 1.4 Stealth
 + Level 6.3 Spellcasting
 + Level 5.1 Conjurations
 * Level 8.0 Fire Magic


You had 11 spell levels left.
You knew the following spells:

 Your Spells              Type           Power        Failure   Level  Hunger
a - Flame Tongue          Conj/Fire      ####.        1%          1    None
b - Sticky Flame          Conj/Fire      ####....     7%          4    ####...
c - Blink                 Tloc           N/A          16%         2    None
d - Call Imp              Summ           #.......     16%         2    None


Dungeon Overview and Level Annotations

Branches:
Dungeon (7/15)             Temple (1/1) D:6

Altars:
Ashenzari
Cheibriados
Dithmenos
Elyvilon
Fedhas
Hepliaklqana
Kikubaaqudgha
Makhleb
Okawaru
Qazlal
Ru
Sif Muna
Trog
Uskayaw
Xom
Yredelemnul
Zin

Shops:
D:5 }


Innate Abilities, Weirdness & Mutations

You are too large for most types of armour.
You have tough skin. (AC +1)


Message History

Aiming: Flame Tongue
Press: ? - help, Shift-Dir - straight line, f/p - two-headed ogre
Aim: a two-headed ogre, wielding two giant clubs (severely wounded, covered in liquid flames)
The flame tongue hits the jackal.
You kill the jackal!
Sif Muna accepts your kill.
The two-headed ogre burns!
The two-headed ogre stops burning.
Casting: Flame Tongue
Confirm with . or Enter, or press ? or * to list all spells.
Aiming: Sticky Flame
Press: ? - help, Shift-Dir - straight line, f/p - two-headed ogre
Aim: a two-headed ogre, wielding two giant clubs (severely wounded)
The sticky flame hits the two-headed ogre.
The two-headed ogre is almost dead.
The two-headed ogre is covered in liquid flames!
The two-headed ogre burns!
The two-headed ogre hits you with a giant club!!
* * * LOW HITPOINT WARNING * * *
The two-headed ogre hits you with a giant club!
You die...

#....#
#..>.#
#....## .#
#...).##..#
#.....†..#
#.O..##.#..#
##...####(.
#
#....##.####
#.>...O@..#
#.....h....#
#..?.......#
#..........#
############


You could see a two-headed ogre (burning) and a jackal.

Vanquished Creatures
  2 hippogriffs
  Eustachio (D:4)
  A black bear (D:6)
  An ice beast (D:3)
  2 phantoms
  4 ogres
  2 centaurs (D:7)
  A big kobold (Sewer)
  A gnoll sergeant (D:5)
  A bullfrog (D:6)
  A scorpion (D:4)
  A howler monkey (D:5)
  2 crimson imps (D:5)
  A centaur zombie (D:7)
  A hound (D:4)
  2 orc priests (D:7)
  3 orc wizards
  3 bullfrog skeletons (D:5)
  Crazy Yiuf (D:3)
  Terence (D:3)
  Natasha (D:3)
  2 worker ants
  A hound skeleton (D:6)
  Robin (D:3)
  6 gnolls
  A howler monkey skeleton (D:4)
  9 adders
  5 river rats (Sewer)
  A shadow imp (D:5)
  2 oozes
  An adder skeleton (D:7)
  2 worms
  3 dart slugs
  2 leopard geckos
  11 orcs
  10 bats
  4 giant cockroaches
  17 goblins
  9 hobgoblins
  8 jackals
  3 quokkas
  4 ball pythons
  5 frilled lizards
  19 kobolds
  A leopard gecko zombie (D:5)
  37 rats
197 creatures vanquished.

Notes
Turn   | Place    | Note
-------+----------+-------------------------------------------
     0 | D:1      | Hasart the Ogre Fire Elementalist began the quest for the Orb.
     0 | D:1      | Reached XP level 1. HP: 16/16 MP: 3/3
    96 | D:1      | Reached skill level 1 in Conjurations
   123 | D:1      | Reached skill level 3 in Fire Magic
   123 | D:1      | Reached XP level 2. HP: 21/26 MP: 2/5
   941 | D:1      | Reached XP level 3. HP: 31/32 MP: 6/6
  1238 | D:2      | Reached skill level 1 in Fighting
  1430 | D:2      | Found a faded altar of an unknown god.
  1876 | D:2      | Reached XP level 4. HP: 27/41 MP: 3/8
  1895 | D:2      | Learned a level 4 spell: Sticky Flame
  2349 | D:2      | Found a hazy altar of Hepliaklqana.
  2553 | D:3      | Noticed Robin
  2574 | D:3      | Killed Robin
  2574 | D:3      | Reached skill level 4 in Fire Magic
  2972 | D:3      | Found a stormy altar of Qazlal.
  2974 | D:3      | Noticed a fire elemental
  2974 | D:3      | Noticed a water elemental
  2975 | D:3      | Noticed an earth elemental
  2975 | D:3      | Noticed an air elemental
  2998 | D:3      | Reached XP level 5. HP: 39/49 MP: 9/9
  3048 | D:3      | Noticed Terence
  3061 | D:3      | Killed Terence
  3161 | D:3      | Noticed an ice beast
  3167 | D:3      | Killed an ice beast
  3167 | D:3      | Reached XP level 6. HP: 59/61 MP: 5/10
  3443 | D:3      | Found a runed door.
  3447 | D:3      | Noticed Crazy Yiuf
  3456 | D:3      | Killed Crazy Yiuf
  3651 | D:3      | Noticed Natasha
  3660 | D:3      | Killed Natasha
  3940 | D:4      | Found a glowing drain.
  3953 | Sewer    | Entered a sewer
  4072 | Sewer    | Reached skill level 5 in Fire Magic
  4414 | Sewer    | Reached XP level 7. HP: 68/68 MP: 10/12
  4808 | D:4      | Got a smoking ivory ring
  4810 | D:4      | Identified the ring "Reguh" {rC+ MP+9 SInv} (You found it on level 4 of the Dungeon)
  4900 | D:4      | Noticed Eustachio
  4918 | D:4      | Killed Eustachio
  5143 | D:4      | Learned a level 2 spell: Blink
  5195 | D:4      | Reached XP level 8. HP: 66/79 MP: 14/14
  5355 | D:4      | Reached skill level 6 in Fire Magic
  5371 | D:4      | Reached skill level 5 in Fighting
  5571 | D:5      | Entered Level 5 of the Dungeon
  5812 | D:5      | Got a steaming robe
  5813 | D:5      | Identified the +1 robe "Cagix" {rPois Str+2} (You found it on level 5 of the Dungeon)
  5926 | D:5      | Found Raonuuw's Gadget Shoppe.
  5991 | D:5      | Found an ancient bone altar of Kikubaaqudgha.
  6189 | D:5      | Found a burning altar of Makhleb.
  6342 | D:5      | Reached skill level 5 in Spellcasting
  7033 | D:6      | Reached skill level 7 in Fire Magic
  7174 | D:6      | Found a staircase to the Ecumenical Temple.
  7240 | Temple   | Entered the Ecumenical Temple
  7296 | Temple   | Became a worshipper of Sif Muna the Loreminder
  7668 | D:7      | Noticed a hippogriff
  7689 | D:7      | Killed a hippogriff
  7689 | D:7      | Reached XP level 9. HP: 17/89 MP: 17/17
  8216 | D:7      | Found a white marble altar of Elyvilon.
  8219 | D:7      | Found a glowing silver altar of Zin.
  8338 | D:7      | Learned a level 2 spell: Call Imp
  8451 | D:7      | Reached * piety under Sif Muna
  8606 | D:7      | Reached skill level 5 in Conjurations
  8672 | D:7      | You fall through a shaft for 2 floors!
  8677 | D:9      | Reached skill level 8 in Fire Magic
  8678 | D:9      | Noticed a two-headed ogre
  8694 | D:9      | Slain by a two-headed ogre

Skill      XL: |  1  2  3  4  5  6  7  8  9 |
---------------+----------------------------+-----
Conjurations   | 1 2 3 4 5 |  5.1
Fire Magic     | 3 4 5 7 8 |  8.0
Fighting       | 1 3 4 6 7 |  7.0
Spellcasting   | 3 4 5 6 |  6.3
Dodging        | |  1.7
Stealth        | |  1.4

Action                   |  1- 3 |  4- 6 |  7- 9 || total
-------------------------+-------+-------+-------++-------
Melee: Short sword       |    10 |       |   432 ||   442
       Whip              |    67 |   183 |    33 ||   283
 Cast: Flame Tongue      |    21 |    43 |    60 ||   124
       Sticky Flame      |       |     7 |    23 ||    30
  Use: Scroll            |       |       |     3 ||     3
 Stab: Sleeping          |     2 |     5 |     2 ||     9
       Distracted        |       |     1 |       ||     1
  Eat: Chunk             |     2 |    11 |     9 ||    22
       Meat ration       |       |       |     1 ||     1
       Royal jelly       |       |       |     2 ||     2
Armor: Robe              |    34 |    71 |   271 ||   376
Dodge: Dodged            |    47 |   122 |   330 ||   499
